 Dungeon Crawl Stone Soup version 0.27.1-34-g3ba077fa99 (webtiles) character file.

Game seed: 16713289795905968078

2998 styxcanada the Covert (level 9, -2/45 HPs)
             Began as a Spriggan Brigand on Jan 26, 2022.
             Was an Initiate of Gozag.
             Killed by the air
             ... invoked by Gastronok
              (25 damage)
             ... on level 8 of the Dungeon.
             The game lasted 00:52:26 (11140 turns).

styxcanada the Covert (Spriggan Brigand)           Turns: 11140, Time: 00:52:26

Health: -2/45      AC:  5    Str:  7    XL:     9   Next: 54%
Magic:  16/16      EV: 21    Int: 13    God:    Gozag
Gold:   401        SH:  0    Dex: 19    Spells: 13/17 levels left

rFire    + . .     SeeInvis +   q - +0 hunting sling
rCold    + . .     Faith    .   (shield restricted)
rNeg     . . .     Spirit   .   b - +1 robe
rPois    .         Reflect  .   z - +2 hat
rElec    .         Harm     .   A - scarf {rC+ rF+}
rCorr    .         Rampage  .   (gloves unavailable)
Will     +....                  (boots unavailable)
Stlth    +++++.....             (no amulet)
HPRegen  0.15/turn              (no ring)
MPRegen  0.15/turn              (no ring)

@: very quick
A: very small, no large weapons, unfitting armour, see invisible, speed 3
a: Renounce Religion, Potion Petition, Call Merchant, Bribe Branch


You were on level 8 of the Dungeon.
You worshipped Gozag.
Gozag was aware of your devotion.
You visited 2 branches of the dungeon, and saw 9 of its levels.
You also visited: Sewer.

You collected 648 gold pieces.
You spent 120 gold pieces at shops.
You paid 127 gold pieces to Gozag.

Inventory:

Hand Weapons
 a - a +3 dagger
 q - a +0 hunting sling (weapon)
 I - a +2 short sword
Missiles
 d - 60 poisoned darts
 e - 2 curare-tipped darts
 h - 169 stones
 p - 6 atropa-tipped darts
 y - 23 sling bullets (quivered ammo)
 F - 11 boomerangs
Armour
 b - a +1 robe (worn)
 c - a +0 cloak
 z - a +2 hat (worn)
 A - a scarf of resistance (worn)
Jewellery
 u - a ring of wizardry
 v - a ring of fire
 x - a ring of poison resistance
Wands
 t - a wand of acid (3)
Scrolls
 g - a scroll of magic mapping
 l - a scroll of amnesia
 r - 2 scrolls of teleportation
 B - a scroll of holy word
 D - a scroll of fear
 G - a scroll of enchant armour
Potions
 f - 2 potions of flight
 i - a potion of lignification
 j - 2 potions of resistance {unknown}
 k - 3 potions of heal wounds
 m - a potion of invisibility {unknown}
 n - a potion of attraction {unknown}
 o - 5 potions of haste {unknown}
 s - a potion of degeneration {unknown}
 w - 2 potions of cancellation {unknown}
 C - a potion of brilliance {unknown}
 E - 2 potions of curing
 H - a potion of mutation {unknown}


   Skills:
 * Level 3.8 Fighting
 + Level 4.2 Short Blades
 + Level 2.3(4.1) Slings
 + Level 4.4(4.6) Throwing
 * Level 5.9 Dodging
 * Level 11.3 Stealth
 * Level 4.5 Spellcasting
 * Level 2.4 Conjurations
 + Level 1.8 Translocations
 * Level 2.4 Air Magic
 * Level 3.3 Poison Magic
 * Level 4.1 Evocations


You had 13 spell levels left.
You knew the following spells:

 Your Spells              Type           Power      Damage    Failure   Level
a - Apportation           Tloc           14%        N/A       9%          1
b - Mephitic Cloud        Conj/Pois/Air  10%        N/A       19%         3

Your spell library contained the following spells:

 Spells                   Type           Power      Damage    Failure   Level
 Magic Dart               Conj           36%        1d4       8%          1
 Sandblast                Erth           4%         2d4       21%         1
 Call Imp                 Summ           2%         N/A       30%         2
 Passwall                 Tmut/Erth      1%         N/A       30%         2
 Tukima's Dance           Hex            2%         N/A       52%         3
 Passage of Golubria      Tloc           N/A        N/A       65%         4
 Alistair's Intoxication  Tmut/Pois      4%         N/A       95%         5
 Borgnjor's Vile Clutch   Necr/Erth      1%         N/A       99%         5
 Lee's Rapid Deconstruct  Erth           1%         3d5*      99%         5
 Yara's Violent Unravell  Hex/Tmut       1%         3d3       99%         5
 Eringya's Noxious Bog    Tmut/Pois      3%         N/A       100%        6


Dungeon Overview and Level Annotations

Branches:
Dungeon (8/15)             Temple (1/1) D:6           Sewer (visited)
   Lair: D:8-11

Altars:
Ashenzari
Dithmenos
Elyvilon
Gozag
Hepliaklqana
Kikubaaqudgha
Makhleb
Nemelex Xobeh
Okawaru
Qazlal
Ru
Uskayaw
Wu Jian
Zin
The Shining One

Shops:
D:1 *   D:2 =   D:6 *

Annotations:
D:8 Gastronok


Innate Abilities, Weirdness & Mutations

You are very small and have problems with some larger weapons.
You are too small for most types of armour.
You have supernaturally acute eyesight. (SInv)
You cover ground extremely quickly. (Speed+++)


Message History

Gastronok is lightly wounded.
Fire: 29 sling bullets
Press: ? - help, Q - select action, (/) - cycle Shift-Dir - straight line, f/p - Gastronok
Aim: Gastronok, wearing a +1 hat of intelligence (lightly wounded, covering ground quickly, very poisoned, 94% to hit)
You shoot a sling bullet.
The sling bullet hits Gastronok but does no damage.
Gastronok is lightly wounded.
Gastronok glows a brilliant shade of cerise.
Fire: 28 sling bullets
Press: ? - help, Q - select action, (/) - cycle Shift-Dir - straight line, f/p - Gastronok
Aim: Gastronok, wearing a +1 hat of intelligence (lightly wounded, covering ground quickly, very poisoned, 94% to hit)
You shoot a sling bullet. The sling bullet hits Gastronok.
Gastronok is lightly wounded.
Fire: 27 sling bullets
Press: ? - help, Q - select action, (/) - cycle Shift-Dir - straight line, f/p - Gastronok
Aim: Gastronok, wearing a +1 hat of intelligence (lightly wounded, covering ground quickly, very poisoned, 94% to hit)
You shoot a sling bullet. The sling bullet hits Gastronok.
Gastronok is moderately wounded.
Fire: 26 sling bullets
Press: ? - help, Q - select action, (/) - cycle Shift-Dir - straight line, f/p - Gastronok
Aim: Gastronok, wearing a +1 hat of intelligence (lightly wounded, covering ground quickly, very poisoned, 94% to hit)
You shoot a sling bullet. The sling bullet hits Gastronok.
Gastronok is moderately wounded.
Gastronok waves his eye-stalks in wide circles.
The air twists around and strikes you!!
Fire: 25 sling bullets
Press: ? - help, Q - select action, (/) - cycle Shift-Dir - straight line, f/p - Gastronok
Aim: Gastronok, wearing a +1 hat of intelligence (moderately wounded, covering ground quickly, very poisoned, 94% to hit)
You shoot a sling bullet. The sling bullet hits Gastronok.
Gastronok is moderately wounded.
Fire: 24 sling bullets
Press: ? - help, Q - select action, (/) - cycle Shift-Dir - straight line, f/p - Gastronok
Aim: Gastronok, wearing a +1 hat of intelligence (moderately wounded, covering ground quickly, very poisoned, 94% to hit)
You shoot a sling bullet. The sling bullet hits Gastronok.
Gastronok is moderately wounded.
Gastronok waves his eye-stalks in wide circles.
The air twists around and strikes you!!
Ouch! That really hurt!
You die...
Your body crumbles into a pile of gold.

#######.###..# #.#.. #.#
#..# #.#.. #.#
#..#####.#.. #.#
#^......<... #.#
##..####.... . #.#
##.####.... ... #.#
#.##..?... $.....####.#
#(##.#)... .......@..#
#(##.#...)
.....####.#####(##.#.#..
... #..w(((......#.# .
#.#####.........
####.########.###..
#..........##.# ###
#.##.#####....# #.##.#
#.#### #.##.# ###.#


You could see Gastronok (swift, very poisoned).

Vanquished Creatures
  Maggie (D:8)
  A steam dragon (D:6)
  A water moccasin (D:7)
  2 sky beasts
  An orc warrior (D:8)
  3 necrophages
  A phantom (D:5)
  A kobold brigand (D:8)
  2 bullfrogs
  4 scorpions
  9 wights
  A centaur zombie (D:8)
  2 jellies
  4 orc priests
  6 hounds
  2 centaur skeletons
  Jessica (D:3)
  2 iguanas (D:4)
  2 orc wizards
  14 adders
  19 gnolls
  A white imp (D:5)
  An ufetubus (D:5)
  An adder skeleton (D:4)
  3 worms
  6 dart slugs
  18 orcs
  8 ball pythons
  4 endoplasms
  5 giant cockroaches
  9 hobgoblins
  8 jackals
  11 kobolds
  3 quokkas
  6 bats
  10 frilled lizards
  6 goblins
  A rat (D:2)
  2 butterflies (D:3)
182 creatures vanquished.

Vanquished Creatures (collateral kills)
  2 orcs (D:3)
2 creatures vanquished.

Grand Total: 184 creatures vanquished

Notes
Turn   | Place    | Note
-------+----------+-------------------------------------------
     0 | D:1      | styxcanada the Spriggan Brigand began the quest for the
                  | Orb.
     0 | D:1      | Reached XP level 1. HP: 10/10 MP: 2/2
    57 | D:1      | Found a faded altar of an unknown god.
    62 | D:1      | Reached skill level 6 in Stealth
    87 | D:1      | Reached XP level 2. HP: 8/14 MP: 3/3
   362 | D:1      | Found Ruoduas's General Store.
   365 | D:1      | Reached skill level 7 in Stealth
   540 | D:1      | Reached XP level 3. HP: 18/18 MP: 4/4
  1057 | D:2      | Reached skill level 8 in Stealth
  1057 | D:2      | Reached XP level 4. HP: 20/23 MP: 5/5
  1790 | D:2      | Found Joxujuth's Jewellery Shop.
  1947 | D:3      | Reached XP level 5. HP: 24/26 MP: 6/6
  2203 | D:3      | Noticed Jessica
  2209 | D:3      | Killed Jessica
  2217 | D:3      | Got Jessica's Compendium of Dislocation
  2220 | D:3      | Learned a level 1 spell: Apportation
  2249 | D:3      | Reached skill level 9 in Stealth
  2312 | D:3      | Noticed a necrophage
  2370 | D:3      | Killed a necrophage
  2371 | D:3      | Reached XP level 6. HP: 6/32 MP: 6/8
  2729 | D:3      | Found a glowing golden altar of the Shining One.
  2868 | D:3      | Reached skill level 1 in Translocations
  3121 | D:3      | Noticed a +0 dagger
  3136 | D:3      | Found a hide-covered altar of Uskayaw.
  3197 | D:3      | Noticed a +0 hand axe
  3419 | D:3      | Reached skill level 1 in Spellcasting
  3922 | D:4      | Reached skill level 1 in Evocations
  3933 | D:4      | Reached XP level 7. HP: 29/35 MP: 8/10
  4847 | D:4      | Learned a level 3 spell: Mephitic Cloud
  5024 | D:5      | Entered Level 5 of the Dungeon
  5572 | D:5      | Reached skill level 1 in Poison Magic
  5619 | D:5      | Reached skill level 10 in Stealth
  5734 | D:5      | Found a glowing drain.
  5740 | Sewer    | Entered a sewer
  6484 | D:5      | Reached skill level 1 in Air Magic
  6922 | D:5      | Reached skill level 1 in Conjurations
  6922 | D:5      | Reached XP level 8. HP: 32/40 MP: 12/12
  7197 | D:6      | Reached skill level 1 in Slings
  7295 | D:6      | Found a staircase to the Ecumenical Temple.
  7300 | Temple   | Entered the Ecumenical Temple
  7682 | D:6      | Found Poxy's Assorted Antiques.
  7804 | D:6      | Bought 2 scrolls labelled HEIMMO WIUME for 60 gold pieces
  7804 | D:6      | Bought a scroll labelled BAEZUTS JOFY for 30 gold pieces
  7804 | D:6      | Bought a scroll labelled BAEZUTS JOFY for 30 gold pieces
  8510 | D:6      | Reached skill level 5 in Dodging
  8777 | D:6      | Found a glowing silver altar of Zin.
  8869 | D:7      | Found an opulent altar of Gozag.
  8904 | D:7      | Became a worshipper of Gozag Ym Sagoz the Greedy
  9010 | D:7      | Reached XP level 9. HP: 44/44 MP: 15/15
  9109 | D:7      | Found an ornate altar of the Wu Jian Council.
  9109 | D:7      | Found a stormy altar of Qazlal.
  9754 | D:7      | Reached skill level 11 in Stealth
 10844 | D:8      | Noticed Maggie
 10888 | D:8      | Killed Maggie
 11108 | D:8      | Noticed Gastronok
 11140 | D:8      | Killed from afar by Gastronok

Illustrated notes

Levels and vault maps discovered:
D:1:      minmay_arrival_glassed_features, layout_basic,
          dreamdust_ecumenical_altar_grove, serial_shops, shop
D:2:      cheibrodos_greedy_goblins, layout_loops_ring, serial_shops, shop
D:3:      layout_basic, nicolae_tso_carved_into_rock, dancing_weapons_uskayaw,
          hangedman_glass_garden, corexii_item_surrounded_by_moat,
          kennysheep_jessica_study
D:4:      layout_layer_cave
D:5:      layout_cave_pools, cheibrodos_sewer_entry_bend
D:6:      layout_cave_pools, zin_scriptorium, minmay_temple_entry_wispy,
          nicolae_stop_n_shop_1, grunt_ministairs_14
D:7:      layout_cave_pods, mainiacjoe_overflow_concentric_impassable,
          jmf_multi_god_temple
D:8:      layout_loops_ring, cheibrodos_worm_habitat, erik_lair_orcish_takeover,
          serial_shops, nicolae_shop_competitors_out_of_business, uniq_maggie,
          uniq_gastronok
Temple:   chequers_temple_sunken

Skill      XL: |  1  2  3  4  5  6  7  8  9 |
---------------+----------------------------+-----
Stealth        | 6 7 8 9 10 11 | 11.3
Dodging        | 2 3 4 5 |  5.9
Fighting       | 2 3 |  3.8
Translocations | 1 |  1.8
Spellcasting   | 1 2 3 4 |  4.5
Throwing       | 3 4 |  4.4
Evocations     | 1 2 3 4 |  4.1
Short Blades   | 3 4 |  4.2
Poison Magic   | 1 2 3 |  3.3
Air Magic      | 1 2 |  2.4
Conjurations   | 1 2 |  2.4
Slings         | 2 |  2.3

Action                   |  1- 3 |  4- 6 |  7- 9 || total
-------------------------+-------+-------+-------++-------
Melee: Dagger            |    55 |   180 |   458 ||   693
 Fire: Hunting sling     |       |     1 |    60 ||    61
Throw: Dart              |    10 |    79 |   142 ||   231
 Cast: Apportation       |       |     1 |       ||     1
       Mephitic Cloud    |       |       |     1 ||     1
Evoke: Wand              |       |     3 |    10 ||    13
  Use: Scroll            |       |     3 |    11 ||    14
       Potion            |       |       |     2 ||     2
 Stab: Sleeping          |     9 |    14 |    17 ||    40
       Distracted        |       |     1 |     2 ||     3
Armor: Robe              |     9 |    14 |    42 ||    65
Dodge: Dodged            |    36 |   121 |   326 ||   483
